 Dungeon Crawl Stone Soup version 0.27.1-33-g824d729ab1 (webtiles) character file.

Game seed: 14993684011367511990

1738 sking99 the Geomancer (level 8, -11/45 HPs)
             Began as a Deep Elf Earth Elementalist on Dec 10, 2021.
             Was a Follower of Kikubaaqudgha.
             Mangled by a boulder beetle (22 damage)
             ... on level 6 of the Dungeon.
             The game lasted 00:15:36 (6955 turns).

sking99 the Geomancer (Deep Elf Earth Elementalist) Turns: 6955, Time: 00:15:36

Health: -11/45     AC:  3    Str:  7    XL:     8   Next: 77%
Magic:  2/20       EV: 14    Int: 27    God:    Kikubaaqudgha [*.....]
Gold:   261        SH:  0    Dex: 15    Spells: 7/20 levels left

rFire    . . .     SeeInvis .   g - +1 dagger (venom)
rCold    . . .     Faith    .   (no shield)
rNeg     . . .     Spirit   .   b - +1 robe
rPois    .         Reflect  .   (no helmet)
rElec    .         Harm     .   (no cloak)
rCorr    .         Rampage  .   (no gloves)
Will     +....                  (no boots)
Stlth    ++........             (no amulet)
HPRegen  0.15/turn              p - +6 ring of intelligence
MPRegen  0.17/turn              q - ring of willpower

@: no status effects
A: no striking features
a: Renounce Religion, Receive Corpses


You were on level 6 of the Dungeon.
You worshipped Kikubaaqudgha.
Kikubaaqudgha was aware of your devotion.
You visited 1 branch of the dungeon, and saw 6 of its levels.

You collected 261 gold pieces.

Inventory:

Hand Weapons
 g - a +1 dagger of venom (weapon)
Missiles
 c - 42 stones
Armour
 b - a +1 robe (worn)
Magical Staves
 r - a staff of conjuration
Jewellery
 o - a +6 ring of strength
 p - a +6 ring of intelligence (left hand)
 q - a ring of willpower (right hand)
Wands
 m - a wand of flame (16)
 n - a wand of paralysis (7)
Scrolls
 a - 2 scrolls of teleportation
 d - 2 scrolls of torment
 i - a scroll of fear
Potions
 e - 2 potions of haste
 f - a potion of might
 h - a potion of mutation
 j - 2 potions of curing
 k - a potion of flight
 l - a potion of magic


   Skills:
 + Level 2.4 Fighting
 - Level 4.7 Dodging
 - Level 2.4 Stealth
 + Level 6.9 Spellcasting
 + Level 4.2 Conjurations
 - Level 4.1 Necromancy
 - Level 2.0 Transmutations
 + Level 1.2 Fire Magic
 * Level 8.2 Earth Magic


You had 7 spell levels left.
You knew the following spells:

 Your Spells              Type           Power      Damage    Failure   Level
a - Sandblast             Erth           100%       2d20      1%          1
b - Stone Arrow           Conj/Erth      84%        3d12      1%          3
c - Bolt of Magma         Conj/Fire/Erth 16%        4d9       26%         5
d - Sublimation of Blood  Necr           15%        N/A       1%          2
x - Passwall              Tmut/Erth      30%        N/A       1%          2

Your spell library contained the following spells:

 Spells                   Type           Power      Damage    Failure   Level
 Animate Skeleton         Necr           62%        N/A       1%          1
 Foxfire                  Conj/Fire      92%        2x1d8     1%          1
 Pain                     Necr           100%       1d9       1%          1
 Vampiric Draining        Necr           15%        2d8       3%          3
 Conjure Flame            Conj/Fire      23%        6-21      6%          3
 Petrify                  Tmut/Erth      36%        N/A       7%          4
 Leda's Liquefaction      Hex/Erth       15%        N/A       11%         4
 Inner Flame              Hex/Fire       12%        N/A       14%         3
 Statue Form              Tmut/Erth      24%        N/A       73%         6


Dungeon Overview and Level Annotations

Branches:
Dungeon (6/15)             Temple (0/1) D:6

Altars:
Cheibriados
Elyvilon
Kikubaaqudgha
Nemelex Xobeh
Qazlal
Ru
Trog
Wu Jian
Xom
Yredelemnul
The Shining One

Shops:
D:1 =   D:3 ?

Annotations:
D:4 3 runed translucent doors, Discosetron's ghost, amateur DjFE
D:6 2 transporters


Message History

The boulder beetle is heavily wounded.
The boulder beetle leaps!
Casting: Stone Arrow (safe; 1% risk of failure)
Confirm with . or Enter, or press ? or * to list all spells.
Aiming: Stone Arrow (safe; 1% risk of failure)
Press: ? - help, Shift-Dir - straight line, f/p - boulder beetle
Aim: a boulder beetle (heavily wounded, 100% to hit)
The stone arrow hits the boulder beetle!
The boulder beetle is severely wounded.
Casting: Stone Arrow (safe; 1% risk of failure)
Confirm with . or Enter, or press ? or * to list all spells.
You don't have enough magic to cast this spell.
Casting: Stone Arrow (safe; 1% risk of failure)
Confirm with . or Enter, or press ? or * to list all spells.
Aiming: Sandblast (safe; 1% risk of failure)
Press: ? - help, Shift-Dir - straight line, f/p - boulder beetle
Aim: a boulder beetle (severely wounded, 100% to hit)
The blast of sand hits the boulder beetle but does no damage.
The boulder beetle is severely wounded.
You hit the boulder beetle but do no damage.
The boulder beetle is poisoned.
The boulder beetle is severely wounded.
The boulder beetle leaps!
The boulder beetle curls into a ball and begins rolling!
You hit the boulder beetle but do no damage.
The boulder beetle looks even sicker.
The boulder beetle is severely wounded.
The boulder beetle hits you.
The boulder beetle stops rolling and uncurls.
You hit the boulder beetle but do no damage.
The boulder beetle is severely wounded.
The boulder beetle bites you!
You hit the boulder beetle but do no damage.
The boulder beetle is almost dead.
The boulder beetle bites you!!
* * * LOW HITPOINT WARNING * * *
Unknown command.
The boulder beetle bites you!!
You die...
Kikubaaqudgha rasps: "You have failed me!
Welcome... death!"

..
..#.#.≈...≈.#.#
#.# ..
#.#.#o≈...≈5#.#
#.# .. .#
####+####.# #.#
P././.P#.# #.#
8P.©.P8#.# #.#
#######.# #.#
..©.....######.#
#..........#
#.@#########
###.###B.#
.........#
########)# #.#
... ###. .# #


You could see a boulder beetle (very poisoned), an orc priest and a shadow imp.

Vanquished Creatures
  Grinder (D:5)
  2 sky beasts (D:5)
  An ice beast (D:5)
  A necrophage (D:6)
  An ogre (D:5)
  A black bear (D:6)
  A wyvern zombie (D:5)
  5 scorpions
  A water moccasin zombie (D:5)
  A hound (D:6)
  2 jellies (D:6)
  A gnoll shaman (D:5)
  2 orc priests
  A bullfrog skeleton (D:6)
  A centaur skeleton (D:4)
  Jessica (D:2)
  3 iguanas
  A killer bee zombie (D:6)
  A hound skeleton (D:4)
  3 adders
  13 gnolls
  A white imp (D:5)
  2 worms (D:3)
  2 dart slugs
  9 orcs
  2 bat zombies (D:4)
  4 endoplasms
  2 giant cockroaches (D:2)
  4 goblins
  10 hobgoblins
  3 jackals (D:4)
  4 kobolds
  2 quokkas
  6 ball pythons
  2 bats
  3 frilled lizards
  2 rats
  2 rat zombies (D:4)
  A spectral orc (D:4)
105 creatures vanquished.

Notes
Turn   | Place    | Note
-------+----------+-------------------------------------------
     0 | D:1      | sking99 the Deep Elf Earth Elementalist began the quest for
                  | the Orb.
     0 | D:1      | Reached XP level 1. HP: 10/10 MP: 6/6
   300 | D:1      | Reached XP level 2. HP: 15/15 MP: 6/8
   329 | D:1      | Learned a level 2 spell: Passwall
   354 | D:1      | Found a faded altar of an unknown god.
   421 | D:1      | Found Xaicoch's Jewellery Shoppe.
   751 | D:2      | Found a glowing golden altar of the Shining One.
  1232 | D:2      | Reached XP level 3. HP: 19/19 MP: 6/9
  1440 | D:3      | Reached skill level 4 in Earth Magic
  1512 | D:3      | Learned a level 3 spell: Stone Arrow
  1533 | D:3      | Noticed Jessica
  1558 | D:2      | Killed Jessica
  1559 | D:2      | Reached XP level 4. HP: 19/24 MP: 7/11
  1663 | D:3      | Reached skill level 1 in Conjurations
  1715 | D:3      | Found Eda Mir's Magic Scroll Shop.
  2007 | D:3      | Found a stormy altar of Qazlal.
  2007 | D:3      | Found a sparkling altar of Nemelex Xobeh.
  2347 | D:3      | Found an ornate altar of the Wu Jian Council.
  2394 | D:4      | Reached XP level 5. HP: 28/28 MP: 10/13
  2651 | D:4      | Found a runed translucent gate.
  2651 | D:4      | Found a runed translucent gate.
  2651 | D:4      | Found a runed translucent gate.
  2656 | D:4      | Noticed Discosetron's ghost (amateur DjFE)
  2672 | D:4      | Reached skill level 5 in Earth Magic
  2766 | D:4      | Reached XP level 6. HP: 14/32 MP: 7/14
  2767 | D:4      | Found a snail-covered altar of Cheibriados.
  3222 | D:4      | Found an ancient bone altar of Kikubaaqudgha.
  3486 | D:4      | Found a sacrificial altar of Ru.
  3835 | D:4      | Reached skill level 5 in Spellcasting
  4048 | D:4      | Found a shimmering altar of Xom.
  4511 | D:4      | Found a basalt altar of Yredelemnul.
  4657 | D:4      | Became a worshipper of Kikubaaqudgha
  4687 | D:5      | Entered Level 5 of the Dungeon
  4807 | D:5      | Reached skill level 6 in Earth Magic
  4807 | D:5      | Reached XP level 7. HP: 36/36 MP: 6/16
  4856 | D:5      | Reached skill level 1 in Necromancy
  5329 | D:5      | Found a white marble altar of Elyvilon.
  5582 | D:5      | Noticed Grinder
  5588 | D:5      | Killed Grinder
  5589 | D:5      | Reached skill level 1 in Fighting
  5589 | D:5      | Reached skill level 7 in Earth Magic
  5589 | D:5      | Reached XP level 8. HP: 42/43 MP: 10/18
  6381 | D:6      | Found a staircase to the Ecumenical Temple.
  6702 | D:6      | Learned a level 5 spell: Bolt of Magma
  6734 | D:6      | Found a bloodstained altar of Trog.
  6766 | D:6      | Reached skill level 8 in Earth Magic
  6823 | D:6      | Found a transporter.
  6845 | D:6      | Noticed a kobold demonologist
  6849 | D:6      | Noticed a kobold demonologist
  6908 | D:6      | Found a transporter.
  6913 | D:6      | Reached skill level 1 in Fire Magic
  6915 | D:6      | Reached * piety under Kikubaaqudgha
  6915 | D:6      | Received a gift from Kikubaaqudgha
  6920 | D:6      | Learned a level 2 spell: Sublimation of Blood
  6938 | D:6      | Noticed a boulder beetle
  6955 | D:6      | Mangled by a boulder beetle

Illustrated notes

Levels and vault maps discovered:
D:1:      lordsloth_arrival_two_stooges, layout_basic, serial_shops,
          nicolae_diamond_shop, shapermc_ecumenical_altar_starsandcircs,
          minmay_pentomino_o4
D:2:      layout_loops_ring, basic_altar, kennysheep_nub
D:3:      layout_rooms, marbit_many_paths, gammafunk_temple_overflow_elements,
          serial_shops, nicolae_shop_statue_plus, uniq_jessica
D:4:      layout_layer_cave, lemuel_zombie_altar_kikubaaqudgha,
          yredelemnul_forgotten_temple_becter, mainiacjoe_overflow_swirl,
          lemuel_crystal_altar, gammafunk_ghost_necromancy
D:5:      layout_basic, mainiacjoe_overflow_boulevard, roderic_serpentine_path,
          uniq_grinder
D:6:      gammafunk_wand_slinger, layout_loops_ring,
          nicolae_overflow_crystal_walls, minmay_temple_entry_glass,
          minmay_manual_monolith, uniq_maggie

Skill      XL: |  1  2  3  4  5  6  7  8 |
---------------+-------------------------+-----
Dodging        | 3 4 |  4.7
Transmutations | 2 |  2.0
Earth Magic    | 4 5 6 7 8 |  8.2
Conjurations   | 1 2 3 4 |  4.2
Spellcasting   | 4 5 6 |  6.9
Necromancy     | 2 4 |  4.1
Fighting       | 1 2 |  2.4
Fire Magic     | 1 |  1.2
Stealth        | |  2.4

Action                   |  1- 3 |  4- 6 |  7- 9 || total
-------------------------+-------+-------+-------++-------
Melee: Dagger            |       |     3 |     9 ||    12
 Cast: Sandblast         |    41 |    71 |    21 ||   133
       Stone Arrow       |       |    13 |    50 ||    63
  Use: Scroll            |       |     9 |     5 ||    14
 Stab: Sleeping          |       |     1 |       ||     1
Armor: Robe              |       |     5 |     5 ||    10
Dodge: Dodged            |    10 |    24 |    12 ||    46
